[Event "Titled Tuesday Blitz January 18 2022"]
[White "Sychev, Klementy"]
[Black "Sanal, Vahap"]
[WhiteFideId "4114060"]
[BlackFideId "6300545"]
[WhiteElo "2564"]
[BlackElo "2603"]
[Result "1-0"]
[Round "09"]
[TimeControl "180+1"]
[Date "2022.01.18"]
[WhiteClock "0:00:12"]
[BlackClock "0:00:44"]

1. e4 e5 2. Nf3 Nc6 3. Bb5 a6 4. Ba4 Nf6 5. O-O Be7 6. d3 b5 7. Bb3 d6 8. a3 O-O 9. Nc3 Na5 10. Ba2 Be6 11. b4 Bxa2 12. Rxa2 Nc6 13. Bg5 Nd7 14. Be3 Nf6 15. h3 h6 16. Re1 Re8 17. Nd5 Nb8 18. c4 Nbd7 19. Nd2 c6 20. Nc3 Nf8 21. a4 Rb8 22. axb5 axb5 23. cxb5 cxb5 24. Ra5 Qd7 25. Qb3 Ne6 26. Rea1 Rb7 27. Ra7 Reb8 28. Rxb7 Rxb7 29. Ra8+ Kh7 30. Ra2 Bd8 31. Nf3 Rc7 32. Nd5 Nxd5 33. Qxd5 Rc6 34. Nxe5 Rc1+ 35. Bxc1 Qc7 36. Nc6 Bf6 37. Ra7 Qc8 38. Rxf7 Nd4 39. Rxf6 Ne2+ 40. Kh2 gxf6 41. Qf7+ 1-0


[Site "https://www.chess.com"]

[Event "Titled Tuesday Blitz January 18 2022"]
[White "Tabatabaei, M. Amin"]
[Black "Howell, David W L"]
[WhiteFideId "12521213"]
[BlackFideId "410608"]
[WhiteElo "2585"]
[BlackElo "2559"]
[Result "1/2-1/2"]
[Round "09"]
[TimeControl "180+1"]
[Date "2022.01.18"]
[WhiteClock "0:00:45"]
[BlackClock "0:00:21"]

1. d4 Nf6 2. Nf3 g6 3. Nc3 d5 4. Bf4 Bg7 5. Nb5 Na6 6. h3 O-O 7. e3 c6 8. Nc3 Nc7 9. Bd3 b6 10. e4 dxe4 11. Nxe4 Ne6 12. Nxf6+ exf6 13. Be3 f5 14. c3 c5 15. O-O cxd4 16. Nxd4 Nxd4 17. cxd4 Bb7 18. Bc4 Qd7 19. Qb3 Rfd8 20. Rfd1 Bd5 21. Bxd5 Qxd5 22. Qxd5 Rxd5 23. Rac1 Rad8 24. Rc7 Bxd4 25. Bxd4 Rxd4 26. Rxd4 Rxd4 27. Rxa7 Rd1+ 28. Kh2 Rd2 29. Kg1 Rd1+ 30. Kh2 Rd2 31. Kg1 Rxb2 32. a4 h5 33. Rb7 Rb4 34. Ra7 h4 35. a5 bxa5 36. Rxa5 Rb1+ 37. Kh2 Rb2 38. Kg1 Kg7 39. Ra4 g5 40. Ra6 Rb1+ 41. Kh2 Rb2 42. Kg1 f6 43. Ra4 Kg6 44. Rc4 Rb1+ 45. Kh2 Rb2 46. Kg1 Re2 47. Ra4 Re1+ 48. Kh2 Re2 49. Kg1 Re1+ 50. Kh2 Rf1 51. Ra2 Kh5 52. f3 Kg6 53. Ra4 Rb1 54. Rc4 Ra1 55. Rb4 Rc1 56. Ra4 Rd1 57. Rc4 Kf7 58. Rb4 Ke6 59. Ra4 Ke5 60. Ra5+ Rd5 61. Ra6 Rb5 62. Rc6 Ra5 63. Rb6 Rc5 64. Ra6 Rb5 65. Rc6 Ra5 66. Rb6 f4 67. Rb4 Kf5 68. Rc4 Kg6 69. Rb4 Re5 70. Rc4 Kf5 71. Rb4 Ke6 72. Rb6+ Ke7 73. Rb4 Rd5 74. Re4+ Kd6 75. Ra4 Ke5 76. Re4+ Kf5 77. Ra4 Re5 78. Rb4 Kg6 79. Rb6 Ra5 80. Rb2 Ra1 81. Rc2 Re1 82. Rd2 Re3 83. Rc2 Re5 84. Rb2 Kf5 85. Ra2 Rb5 86. Rc2 Rd5 87. Re2 Kg6 88. Ra2 Kh5 89. Rb2 Rd6 90. Rb8 Kg6 91. Rb2 f5 92. Rb8 Kh5 93. Rh8+ Kg6 94. Rg8+ Kf6 95. Rf8+ Kg6 96. Rg8+ Kf6 97. Rf8+ Ke5 98. Rg8 Kf6 1/2-1/2


[Site "https://www.chess.com"]

[Event "Titled Tuesday Blitz January 18 2022"]
[White "Tanenbaum, Zachary"]
[Black "Carbone, Diego"]
[WhiteFideId "2060850"]
[BlackFideId "3002179"]
[WhiteElo "2168"]
[BlackElo "2199"]
[Result "0-1"]
[Round "09"]
[TimeControl "180+1"]
[Date "2022.01.18"]
[WhiteClock "0:00:09"]
[BlackClock "0:00:06"]

1. e4 e5 2. Nf3 Nc6 3. Bc4 Bc5 4. c3 Nf6 5. d3 d6 6. Nbd2 a5 7. a4 h6 8. Nf1 Be6 9. Bxe6 fxe6 10. Ng3 O-O 11. O-O Bb6 12. Be3 Bxe3 13. fxe3 Ne7 14. Nd2 Qd7 15. Qe2 b6 16. Nc4 Rf7 17. b3 Raf8 18. h3 Nh7 19. Rxf7 Rxf7 20. Rf1 Rxf1+ 21. Qxf1 Nf6 22. Qd1 Qc6 23. Nh5 Kf7 24. Nxf6 gxf6 25. Qh5+ Kg7 26. Qg4+ Kf7 27. d4 b5 28. axb5 Qxb5 29. Kh2 a4 30. Qh5+ Kg7 31. Qg4+ Kf7 32. Qe2 Qxb3 33. Na5 Qxc3 34. Qh5+ Ng6 35. Nb7 Qxe3 36. Nd8+ Ke7 37. Qxg6 Qf4+ 38. Kh1 Qf1+ 39. Kh2 Qf4+ 40. Kh1 Kxd8 41. Qg8+ Kd7 42. Qf7+ Kc6 43. Qe8+ Kb6 44. Qb8+ Ka6 45. Qa8+ Kb5 46. Qb7+ Kc4 47. Qxc7+ Kxd4 48. Qa7+ Kxe4 49. Qxa4+ Kf5 50. Qc2+ Qe4 51. Qf2+ Qf4 52. Qc2+ e4 53. Qc8 Qf1+ 54. Kh2 Qf4+ 55. Kh1 d5 56. Qe8 Ke5 57. Qb8+ Kf5 58. g4+ Kg5 59. Qb2 Qf3+ 60. Kh2 Qf4+ 61. Kg2 Kh4 62. Qc2 Qf3+ 63. Kh2 e3 64. Qd3 Qf2+ 65. Kh1 Qf3+ 66. Kg1 Qg3+ 67. Kh1 Qxh3+ 68. Kg1 Qxg4+ 69. Kh2 Qg3+ 70. Kh1 Qf3+ 71. Kh2 Qf4+ 72. Kh1 Qe4+ 73. Qxe4+ dxe4 74. Kg1 Kg4 75. Kf1 Kf3 76. Ke1 e2 77. Kd2 Kf2 78. Kc3 e1=Q+ 79. Kd4 e3 80. Ke4 e2 81. Kf4 h5 82. Ke4 Qb1+ 83. Kf4 Qb4# 0-1


[Site "https://www.chess.com"]

[Event "Titled Tuesday Blitz January 18 2022"]
[White "Vazquez, Facundo"]
[Black "Gvanceladze, Anna"]
[WhiteFideId "3007669"]
[BlackFideId "4113721"]
[WhiteElo "1984"]
[BlackElo "2048"]
[Result "1-0"]
[Round "09"]
[TimeControl "180+1"]
[Date "2022.01.18"]
[WhiteClock "0:01:56"]
[BlackClock "0:00:37"]

1. d4 d5 2. c4 c6 3. Nc3 e5 4. dxe5 d4 5. Nb1 Qa5+ 6. Bd2 Qxe5 7. Nf3 Qd6 8. Na3 Nf6 9. Rc1 Be7 10. c5 Qd5 11. e3 Bxc5 12. Bc4 Qd6 13. exd4 Bb6 14. O-O O-O 15. Qb3 Bg4 16. Bb4 Qd8 17. Ne5 Bh5 18. Bxf8 Qxf8 19. d5 cxd5 20. Bxd5 Nxd5 21. Qxd5 Qe7 22. Rc8+ 1-0


[Site "https://www.chess.com"]

[Event "Titled Tuesday Blitz January 18 2022"]
[White "Visakh N R"]
[Black "Nilsen, Tobias Lang"]
[WhiteFideId "25012223"]
[BlackFideId "1521624"]
[WhiteElo "2454"]
[BlackElo "2013"]
[Result "1/2-1/2"]
[Round "09"]
[TimeControl "180+1"]
[Date "2022.01.18"]
[WhiteClock "0:00:20"]
[BlackClock "0:00:47"]

1. Nf3 c5 2. g4 d5 3. Rg1 Nc6 4. c4 dxc4 5. Na3 Nf6 6. g5 Nd5 7. Nxc4 Nb6 8. Nxb6 axb6 9. b3 Bf5 10. d3 h6 11. gxh6 Rxh6 12. Bxh6 gxh6 13. Qd2 Nd4 14. Nxd4 Qxd4 15. Rc1 O-O-O 16. Rg3 e6 17. Qc3 Qd7 18. Rg8 Kb8 19. Bg2 Qd6 20. Qf6 Be7 21. Rxd8+ Bxd8 22. Qxh6 Ka7 23. Kf1 Qe5 24. Rc4 b5 25. Rc1 Bb6 26. Qe3 Qxh2 27. Rxc5 Bh3 28. Qxh3 Qxh3 29. Bxh3 Bxc5 30. Bg4 Kb6 31. f4 Be3 32. f5 exf5 33. Bxf5 b4 34. Be4 Kc7 35. Kg2 b6 36. Kf3 Bd4 37. e3 Bc3 38. d4 Kd6 39. Bd3 f6 40. Ke4 Bb2 41. Be2 Bc1 42. Bf1 Bd2 43. Kd3 Be1 44. Kc4 Bf2 45. Kd3 Be1 46. Bg2 Bf2 47. Bf3 Be1 48. Bh5 Bf2 49. Ke2 Bg1 50. Bg6 Bh2 51. Kf2 Ke7 52. Kg2 Bd6 53. Kf3 Bh2 54. Kg2 Bd6 55. Kh3 Bc7 56. Kg4 Bh2 57. Kf5 Bg1 58. Ke4 Kd6 59. Kd3 Bf2 60. Bf5 Bg1 61. Bh3 Bf2 62. Bg2 Be1 63. Kc4 Bf2 64. e4 Bg1 65. Kxb4 Bxd4 66. Kb5 Kc7 67. a4 Kb8 68. Ka6 Be3 69. Bh3 Bd4 70. Be6 Be3 71. Bd5 Bd4 72. Kb5 Be3 73. Kc6 Bd4 74. b4 Ka7 75. Kb5 Be3 76. a5 bxa5 77. e5 fxe5 78. Kxa5 Bd2 79. Ka4 e4 80. Bxe4 Bxb4 1/2-1/2


[Site "https://www.chess.com"]

[Event "Titled Tuesday Blitz January 18 2022"]
[White "Vlassov, Nikolai"]
[Black "Yeletsky, Ivan"]
[WhiteFideId "4103360"]
[BlackFideId "24180327"]
[WhiteElo "2407"]
[BlackElo "2348"]
[Result "0-1"]
[Round "09"]
[TimeControl "180+1"]
[Date "2022.01.18"]
[WhiteClock "0:00:26"]
[BlackClock "0:00:32"]

1. e4 c6 2. d4 d5 3. e5 c5 4. dxc5 e6 5. Nf3 Bxc5 6. Bd3 Ne7 7. O-O Ng6 8. Qe2 Nc6 9. c3 O-O 10. b4 Bb6 11. b5 Na5 12. a4 Nb3 13. Ra2 Nxc1 14. Rxc1 Nf4 15. Qd2 g5 16. h4 f6 17. exf6 Qxf6 18. hxg5 Qg7 19. c4 e5 20. cxd5 Bh3 21. Bf1 e4 22. a5 exf3 23. axb6 Bxg2 24. Bxg2 Qxg5 0-1


[Site "https://www.chess.com"]

[Event "Titled Tuesday Blitz January 18 2022"]
[White "Vokhidov, Shamsiddin"]
[Black "Hjartarson, Johann"]
[WhiteFideId "14204223"]
[BlackFideId "2300044"]
[WhiteElo "2611"]
[BlackElo "2484"]
[Result "1-0"]
[Round "09"]
[TimeControl "180+1"]
[Date "2022.01.18"]
[WhiteClock "0:01:25"]
[BlackClock "0:00:36"]

1. e4 g6 2. d4 Bg7 3. Nf3 d6 4. Bc4 Nf6 5. Qe2 O-O 6. e5 dxe5 7. dxe5 Nd5 8. h3 Nc6 9. O-O Nb6 10. Bb3 a5 11. a4 Nd4 12. Nxd4 Qxd4 13. Re1 Bf5 14. Nd2 Rae8 15. Nf3 Qd8 16. e6 Bxe6 17. Bxe6 fxe6 18. Ng5 Qd7 19. Nxe6 Rf5 20. Nxg7 Kxg7 21. b3 Nd5 22. Bb2+ Kg8 23. Rad1 Qc6 24. Qe4 Nf4 25. Qxc6 bxc6 26. Rd7 Rg5 27. Bc1 Rd5 28. Rxc7 Ne2+ 29. Rxe2 Rd1+ 30. Kh2 Rxc1 31. Rxc6 Kf7 32. Rc5 Ra8 33. Rc7 Re8 34. Ra7 1-0


[Site "https://www.chess.com"]

[Event "Titled Tuesday Blitz January 18 2022"]
[White "Wagner, Dennis"]
[Black "Bluebaum, Matthias"]
[WhiteFideId "24650684"]
[BlackFideId "24651516"]
[WhiteElo "2355"]
[BlackElo "2550"]
[Result "0-1"]
[Round "09"]
[TimeControl "180+1"]
[Date "2022.01.18"]
[WhiteClock "0:00:16"]
[BlackClock "0:00:15"]

1. c4 e6 2. g3 d5 3. Bg2 Nf6 4. d4 Be7 5. Nf3 O-O 6. O-O dxc4 7. Na3 Bxa3 8. bxa3 Bd7 9. a4 Bc6 10. Ba3 Re8 11. Qc2 Nbd7 12. Rac1 a5 13. Qxc4 Nb6 14. Qd3 Be4 15. Qb3 Bd5 16. Qc2 Nc4 17. Bb2 Ra6 18. Ba1 Rc6 19. Qd1 Rb6 20. Re1 Rd6 21. e4 Nxe4 22. Rxe4 Bxe4 23. Rxc4 e5 24. h4 exd4 25. Nxd4 Bxg2 26. Kxg2 Rg6 27. Qh5 Re4 28. Qxa5 b6 29. Qa7 Qd5 30. Qb8+ Re8+ 0-1


[Site "https://www.chess.com"]

[Event "Titled Tuesday Blitz January 18 2022"]
[White "Weetik, Vjacheslav"]
[Black "Vovk, Orest"]
[WhiteFideId "4153472"]
[BlackFideId "14113490"]
[WhiteElo "2469"]
[BlackElo "2203"]
[Result "1-0"]
[Round "09"]
[TimeControl "180+1"]
[Date "2022.01.18"]
[WhiteClock "0:00:08"]
[BlackClock "0:00:04"]

1. e4 g5 2. d4 h6 3. h4 g4 4. Ne2 Bg7 5. Ng3 h5 6. Nf5 Bf8 7. Nc3 d5 8. Ng3 dxe4 9. Ncxe4 Bg7 10. c3 Nc6 11. Bc4 Nf6 12. Ng5 O-O 13. Qc2 e5 14. Nxh5 e4 15. Nxf6+ Qxf6 16. Qxe4 Bf5 17. Qf4 Rae8+ 18. Be3 Bh6 19. Bd3 Ne7 20. O-O-O Qg6 21. h5 Qxg5 22. Qxg5+ Bxg5 23. Bxg5 Bxd3 24. Rxd3 Nf5 25. Kd2 Re6 26. Re1 Rxe1 27. Kxe1 Re8+ 28. Kd2 Nd6 29. Kd1 Ne4 30. Bh4 Nd6 31. b3 Kg7 32. c4 Rh8 33. Bg3 Rxh5 34. c5 Ne8 35. d5 Rh1+ 36. Ke2 Ra1 37. Rd2 Kf8 38. b4 Rb1 39. d6 cxd6 40. cxd6 Nxd6 41. Bxd6+ Kg8 42. a3 Ra1 43. b5 Rb1 44. Bb4 a6 45. bxa6 bxa6 46. Rd4 f5 47. Rf4 Rb2+ 48. Ke3 Rb3+ 49. Kd4 a5 50. Bc5 g3 51. fxg3 Rxg3 52. Rxf5 Rxg2 53. Kc4 Rg4+ 54. Kb5 a4 55. Bb4 Kg7 56. Kxa4 Kg6 57. Rc5 Kf6 58. Kb5 Ke6 59. a4 Kd7 60. a5 Rg5 61. Rxg5 1-0


[Site "https://www.chess.com"]

[Event "Titled Tuesday Blitz January 18 2022"]
[White "Yuan, Qingyu"]
[Black "Ivanov, Oleg"]
[WhiteFideId "8609772"]
[BlackFideId "4103114"]
[WhiteElo "2359"]
[BlackElo "2835"]
[Result "1-0"]
[Round "09"]
[TimeControl "180+1"]
[Date "2022.01.18"]
[WhiteClock "0:00:05"]
[BlackClock "0:00:01"]

1. Nf3 c5 2. g3 Nc6 3. Bg2 g6 4. c4 Bg7 5. Nc3 e6 6. d4 cxd4 7. Nb5 d5 8. cxd5 Qa5+ 9. Nd2 Qxb5 10. a4 Qa6 11. dxc6 bxc6 12. Ne4 Nf6 13. Qxd4 Qa5+ 14. Bd2 Nxe4 15. Qxe4 Qd5 16. Bb4 Rb8 17. Qh4 g5 18. Bxd5 gxh4 19. Bxc6+ Bd7 20. Bxd7+ Kxd7 21. O-O-O+ Kc6 22. Ba3 Rhd8 23. gxh4 h5 24. Rxd8 Rxd8 25. Rd1 Rxd1+ 26. Kxd1 Be5 27. h3 Bf6 28. Kc2 Bxh4 29. f3 f5 30. Kd3 Kd5 31. Bb4 a6 32. Bc3 Be7 33. b3 Bc5 34. Bb2 Bf2 35. Bc3 Bg3 36. Bd4 Bd6 37. e4+ Kc6 38. Kc4 fxe4 39. fxe4 Bf4 40. b4 Bd2 41. b5+ axb5+ 42. axb5+ Kd6 43. Bc5+ Kc7 44. Kd4 Bf4 45. Kc4 Bd2 46. Bb4 Be3 47. Bc3 Kd7 48. Bd4 Bd2 49. Bc5 Be1 50. Kd3 Bg3 51. Ke3 Be5 52. Kf3 Kc7 53. Ke2 Kd7 54. Be3 Kc7 55. Kf3 Kb7 56. Bg1 Bd6 57. Bd4 Bc7 58. e5 Bd8 59. Ke4 Bg5 60. Kd3 Be7 61. Kc4 Ba3 62. Bc3 Be7 63. Bb4 Bg5 64. Bc5 Bf4 65. Kd4 Bg3 66. Ke4 Bh4 67. Be3 1-0


[Site "https://www.chess.com"]

[Event "Titled Tuesday Blitz January 18 2022"]
[White "Zhuravlev, Alexey"]
[Black "Ezat, Mohamed"]
[WhiteFideId "4164199"]
[BlackFideId "10600906"]
[WhiteElo "2544"]
[BlackElo "2386"]
[Result "0-1"]
[Round "09"]
[TimeControl "180+1"]
[Date "2022.01.18"]
[WhiteClock "0:00:01"]
[BlackClock "0:00:17"]

1. e4 c6 2. d4 d5 3. e5 c5 4. dxc5 Nc6 5. Bb5 e6 6. Be3 Bd7 7. Bxc6 Bxc6 8. Nf3 Ne7 9. c3 Nf5 10. Bd4 Nxd4 11. Qxd4 Qc7 12. b4 a5 13. O-O Be7 14. Re1 O-O 15. h4 Rfb8 16. Nbd2 b6 17. cxb6 Rxb6 18. a3 Rba6 19. Nb3 axb4 20. axb4 Bb5 21. Rxa6 Rxa6 22. Ra1 h6 23. Ra5 Bc4 24. Rxa6 Bxa6 25. Nc5 Bb5 26. g3 Qa7 27. Nd2 Qa1+ 28. Kh2 g5 29. hxg5 hxg5 30. Nf3 Qf1 31. Nb7 Be2 32. Ng1 Bd3 33. Nd6 f6 34. Nc8 Bd8 35. exf6 Kf7 36. Nd6+ Kg6 37. f7 Be7 38. Ne8 Kxf7 39. Nc7 Bd6 40. Nxe6 Kxe6 41. Nf3 Be4 42. Nxg5+ Kd7 43. Nxe4 dxe4 44. c4 Qe2 45. c5 Qh5+ 46. Kg1 Qf3 47. Qxd6+ Kc8 48. Qf4 Qd3 0-1


[Site "https://www.chess.com"]

[Event "Titled Tuesday Blitz January 18 2022"]
[White "Agasarov, Benik"]
[Black "Gabdushev, Ruslan"]
[WhiteFideId "13314823"]
[BlackFideId "4137833"]
[WhiteElo "2568"]
[BlackElo "2312"]
[Result "1-0"]
[Round "10"]
[TimeControl "180+1"]
[Date "2022.01.18"]
[WhiteClock "0:00:48"]
[BlackClock "0:00:16"]

1. e4 Nc6 2. Nf3 d6 3. d4 Bg4 4. d5 Nb8 5. c4 Nf6 6. Nc3 c6 7. Be2 Bxf3 8. Bxf3 Nbd7 9. O-O g6 10. Be2 Bg7 11. Be3 O-O 12. Rc1 a5 13. h3 a4 14. a3 Qa5 15. Qd2 Nc5 16. Bxc5 Qxc5 17. Kh1 Nd7 18. f4 Ra6 19. Qe1 Qb6 20. c5 Nxc5 21. Bxa6 Qxa6 22. dxc6 bxc6 23. e5 Qb6 24. Qf2 Qb3 25. Rfd1 Rd8 26. Rd2 Ne6 27. Rcd1 d5 28. f5 gxf5 29. Qxf5 Bh6 30. Rf2 Rf8 31. Rdf1 Qc4 32. Qh5 Bg7 33. Rxf7 Qd3 34. Rxf8+ Nxf8 35. Qf7+ Kh8 36. Rf3 Qd4 37. Qxe7 1-0


[Site "https://www.chess.com"]

[Event "Titled Tuesday Blitz January 18 2022"]
[White "Aloma Vidal, Robert"]
[Black "Dolzhykova, Kateryna"]
[WhiteFideId "2260409"]
[BlackFideId "14113414"]
[WhiteElo "2435"]
[BlackElo "2165"]
[Result "0-1"]
[Round "10"]
[TimeControl "180+1"]
[Date "2022.01.18"]
[WhiteClock "0:00:16"]
[BlackClock "0:00:05"]

1. e4 c5 2. c3 d5 3. exd5 Qxd5 4. Nf3 Nf6 5. Na3 Bg4 6. Be2 e6 7. O-O Be7 8. Nc4 O-O 9. Ne3 Qh5 10. h3 Bf5 11. g4 Nxg4 12. hxg4 Bxg4 13. Nxg4 Qxg4+ 14. Kh1 Qh3+ 15. Nh2 Bd6 16. f4 Nd7 17. Bg4 Qh6 18. Qf3 Nf6 19. d3 Nxg4 20. Qxg4 f5 21. Qg5 Qh3 22. Rf3 Qh6 23. Qxh6 gxh6 24. Be3 Rf6 25. d4 cxd4 26. Bxd4 Rg6 27. Rd1 Kf7 28. Bf2 e5 29. fxe5 Bxe5 30. Rxf5+ Ke6 31. Rh5 Rf8 32. Re1 Rxf2 33. Rhxe5+ Kd6 34. R5e2 Rgg2 35. Rxf2 Rxf2 36. Rb1 Kc5 37. Kg1 Re2 38. Nf3 Kc4 39. Kf1 Kd3 40. Rd1+ Ke3 41. Re1 Rxe1+ 42. Nxe1 Kd2 43. Kf2 h5 44. c4 a5 45. c5 h4 46. b3 Kc3 47. Ke3 Kb2 48. Kd4 Kxa2 49. Kc4 Ka3 50. Nf3 h3 51. Nh2 a4 52. bxa4 Kxa4 53. Ng4 h5 54. Nh2 Ka5 55. Nf3 Ka4 56. Kd5 Kb5 57. Nd4+ Ka6 58. Nf5 h2 59. Ng3 h4 60. Nh1 Kb5 61. Nf2 Kb4 62. Nh1 Kb5 63. Nf2 Kb4 64. Nh1 Kc3 65. Kd6 Kc4 66. Nf2 Kd4 67. Nh1 h3 68. Nf2 Ke3 69. Ng4+ Kf3 70. Nxh2+ Kg2 71. Ng4 Kg3 72. Ne3 Kf3 73. Nf1 Kg2 74. Ne3+ Kf3 75. Ng4 Kxg4 76. Kc7 h2 77. Kxb7 h1=Q+ 78. c6 Qd5 79. Kb6 Qd6 80. Kb7 Qb4+ 81. Ka8 Qa5+ 82. Kb7 Qb5+ 83. Kc7 Kf5 84. Kd6 Qb4+ 85. Kd7 Qd4+ 86. Kc8 Qb6 87. c7 Ke6 88. Kd8 Kd6 89. Ke8 Qxc7 90. Kf8 Ke6 91. Kg8 Kf6 92. Kh8 Qg7# 0-1


[Site "https://www.chess.com"]

[Event "Titled Tuesday Blitz January 18 2022"]
[White "Artem_Koval"]
[Black "Vazquez, Facundo"]
[BlackFideId "3007669"]
[WhiteElo "2516"]
[BlackElo "1984"]
[Result "1-0"]
[Round "10"]
[TimeControl "180+1"]
[Date "2022.01.18"]
[WhiteClock "0:01:49"]
[BlackClock "0:00:08"]

1. d4 Nf6 2. Nf3 g6 3. Nc3 Bg7 4. e4 O-O 5. e5 Ne8 6. h4 d6 7. h5 dxe5 8. Nxe5 Bxe5 9. dxe5 Qxd1+ 10. Nxd1 Nc6 11. Ne3 Ng7 12. hxg6 hxg6 13. Bd2 Nxe5 14. Nd5 Nc6 15. Bb5 Nf5 16. Bc3 f6 17. O-O-O a6 18. Bd3 Rd8 19. Nxc7 Rb8 20. Bc4+ Kg7 21. Rxd8 Nxd8 22. Ne8+ Kf8 23. Rh8# 1-0


[Site "https://www.chess.com"]

[Event "Titled Tuesday Blitz January 18 2022"]
[White "Bluebaum, Matthias"]
[Black "Klimkowski, Jan"]
[WhiteFideId "24651516"]
[BlackFideId "21856222"]
[WhiteElo "2550"]
[BlackElo "2172"]
[Result "0-1"]
[Round "10"]
[TimeControl "180+1"]
[Date "2022.01.18"]
[WhiteClock "0:00:07"]
[BlackClock "0:01:15"]

1. d4 Nf6 2. c4 e6 3. Nc3 d5 4. cxd5 exd5 5. Bg5 c6 6. e3 Be7 7. Bd3 O-O 8. h3 Nbd7 9. Nf3 Re8 10. Qc2 Nf8 11. O-O Ng6 12. Ne5 Nd7 13. Bxe7 Qxe7 14. f4 Ngf8 15. Rae1 f6 16. e4 dxe4 17. Bc4+ Ne6 18. Nxd7 Qxd7 19. Rxe4 Kh8 20. Qf2 Nc7 21. Rxe8+ Nxe8 22. Re1 Nd6 23. Bd3 Qf7 24. f5 Bd7 25. Qf4 Qf8 26. Na4 b6 27. Nc3 Re8 28. Rxe8 Nxe8 29. a3 Qd6 30. Qe3 Nc7 31. Ne4 Qe7 32. Qf4 Be8 33. Qd6 Qxd6 34. Nxd6 Bd7 35. Bc4 g6 36. fxg6 hxg6 37. Kf2 Kg7 38. Ke3 f5 39. Ba2 Kf6 40. Kf4 g5+ 41. Ke3 Ke7 42. Nc4 Be6 43. b3 Nd5+ 44. Kf2 Nc3 45. Ne5 Nxa2 46. Nxc6+ Kd6 47. Ne5 Bxb3 0-1


[Site "https://www.chess.com"]

[Event "Titled Tuesday Blitz January 18 2022"]
[White "Bodnar, Nikolay"]
[Black "Bryakin, Mikhail"]
[WhiteFideId "14106469"]
[BlackFideId "4165314"]
[WhiteElo "2296"]
[BlackElo "2421"]
[Result "0-1"]
[Round "10"]
[TimeControl "180+1"]
[Date "2022.01.18"]
[WhiteClock "0:00:02"]
[BlackClock "0:00:06"]

1. e4 c5 2. Nf3 d6 3. d4 Nf6 4. Nc3 cxd4 5. Nxd4 a6 6. Bg5 Nbd7 7. Bc4 b5 8. Bd5 Nxd5 9. exd5 Bb7 10. Nf5 Nf6 11. Bxf6 exf6 12. O-O g6 13. Re1+ Kd7 14. Nd4 Qb6 15. Nc6 Bxc6 16. dxc6+ Qxc6 17. Nd5 f5 18. Qd4 Qc5 19. Qxh8 Qxd5 20. Rad1 Qxa2 21. Qf6 Re8 22. Rxe8 Kxe8 23. Re1+ Kd7 24. Qh8 Be7 25. Qa8 Bd8 26. Qb7+ Bc7 27. g3 Qxb2 28. Qxa6 Qb4 29. Re3 Qc5 30. Rb3 Qxc2 31. Qxb5+ Qc6 32. Qd3 h5 33. Rb1 Qe4 34. Qb5+ Qc6 35. Qb3 Ke7 36. Qb2 Ba5 37. Rd1 Qc5 38. Rd3 Bd8 39. Re3+ Kd7 40. Qb3 Qc1+ 41. Kg2 Qc6+ 42. Kh3 d5 43. Rd3 Ke6 44. Qb2 Qc4 45. Re3+ Kd7 46. Qg7 d4 47. Rf3 Qd5 48. Rf4 Bb6 49. Qf6 Bc5 50. Qa6 d3 51. Qa4+ Ke7 52. Qd1 d2 53. Ra4 Bxf2 0-1


[Site "https://www.chess.com"]

[Event "Titled Tuesday Blitz January 18 2022"]
[White "Brunner, Nicolas"]
[Black "Wagner, Dennis"]
[WhiteFideId "620246"]
[BlackFideId "24650684"]
[WhiteElo "2372"]
[BlackElo "2355"]
[Result "0-1"]
[Round "10"]
[TimeControl "180+1"]
[Date "2022.01.18"]
[WhiteClock "0:00:02"]
[BlackClock "0:00:08"]

1. d4 Nf6 2. c4 e6 3. g3 d5 4. Nf3 Bb4+ 5. Bd2 Be7 6. Bg2 O-O 7. O-O Nbd7 8. Qc2 c6 9. Bf4 b6 10. Rd1 Bb7 11. Nc3 dxc4 12. Nd2 Nd5 13. Nxc4 Nxf4 14. gxf4 Qc7 15. e3 Rad8 16. Rac1 c5 17. Bxb7 Qxb7 18. Qe4 Qb8 19. Qf3 cxd4 20. Rxd4 Bf6 21. Rdd1 Bxc3 22. Rxc3 Nc5 23. Ne5 Rxd1+ 24. Qxd1 Rd8 25. Qh5 g6 26. Qf3 a5 27. Nc6 Qb7 28. Kg2 Rd2 29. b4 Nd3 30. Rxd3 Rxd3 31. bxa5 bxa5 32. Nxa5 Qxf3+ 33. Kxf3 Ra3 34. Nc6 Rxa2 35. h4 Kg7 36. Ne5 Ra1 37. Kg3 Rg1+ 38. Kh3 Rh1+ 39. Kg3 Kf6 40. Nf3 h6 41. Kg2 Ra1 42. Kg3 Kf5 43. Ne5 Ra7 44. Nc6 Rc7 45. Nd4+ Ke4 46. Nb5 Rc6 47. Nd4 Rc1 48. Kg2 e5 49. fxe5 Kxe5 50. Nf3+ Kf5 51. Kg3 Ra1 52. Nd4+ Ke4 53. Nb5 Rg1+ 54. Kh2 Rg4 55. Nd6+ Kf3 56. Nxf7 Kxf2 57. Kh3 Rg3+ 58. Kh2 Rxe3 59. Nxh6 Re4 60. Kh3 Kf3 61. Nf7 Re1 62. Kh2 Kg4 63. Nh8 Kh5 64. Kg3 Re7 65. Kf4 Rh7 0-1


[Site "https://www.chess.com"]

[Event "Titled Tuesday Blitz January 18 2022"]
[White "Carbone, Diego"]
[Black "Wong, Yinn Long"]
[WhiteFideId "3002179"]
[BlackFideId "5707684"]
[WhiteElo "2199"]
[BlackElo "2055"]
[Result "0-1"]
[Round "10"]
[TimeControl "180+1"]
[Date "2022.01.18"]
[WhiteClock "0:00:02"]
[BlackClock "0:00:48"]

1. d4 e6 2. c4 Nf6 3. Nc3 Bb4 4. Qc2 d6 5. a3 Bxc3+ 6. Qxc3 O-O 7. Bg5 Nbd7 8. e3 h6 9. Bh4 b6 10. Bd3 Bb7 11. Nf3 Qe7 12. O-O e5 13. Bxf6 Qxf6 14. dxe5 dxe5 15. Nd2 Nc5 16. Be2 Rad8 17. Rad1 Ne6 18. Nf3 Bxf3 19. Bxf3 Ng5 20. Be2 Ne4 21. Qc2 Rxd1 22. Bxd1 Nd6 23. c5 Nf5 24. cxb6 cxb6 25. Bf3 Nh4 26. Be4 Rd8 27. Rd1 Rxd1+ 28. Qxd1 g6 29. Qd7 a5 30. g3 Nf3+ 31. Bxf3 Qxf3 32. Qd8+ Kg7 33. Qxb6 Qd1+ 34. Kg2 Qd5+ 35. f3 a4 36. Qb4 Qc6 37. Qc3 Qd5 38. Kf2 Kh7 39. Qb4 Qc6 40. Qc3 Qd5 41. Kg2 g5 42. h3 Qd1 43. g4 Qe2+ 44. Kg3 Qf1 45. Qc2+ Kg7 46. Qg2 Qc1 47. Qf2 Qh1 0-1


[Site "https://www.chess.com"]

[Event "Titled Tuesday Blitz January 18 2022"]
[White "Chernomordik, Pavel"]
[Black "Bazarov, Konstantin"]
[WhiteFideId "2804530"]
[BlackFideId "4137000"]
[WhiteElo "2249"]
[BlackElo "2079"]
[Result "1-0"]
[Round "10"]
[TimeControl "180+1"]
[Date "2022.01.18"]
[WhiteClock "0:00:31"]
[BlackClock "0:00:34"]

1. e4 c5 2. Nc3 e6 3. f4 a6 4. g3 Nc6 5. Bg2 b5 6. d3 b4 7. Nce2 d5 8. a3 Rb8 9. axb4 cxb4 10. exd5 exd5 11. Nf3 Nf6 12. O-O Bc5+ 13. d4 Bb6 14. h3 O-O 15. g4 Ne4 16. Be3 Re8 17. Qd3 a5 18. Ne5 Nxe5 19. fxe5 Bb7 20. Nf4 Qd7 21. Rf3 Rbc8 22. Raf1 Bc6 23. Nh5 Rf8 24. Rc1 Bb5 25. Qd1 a4 26. Nf4 a3 27. bxa3 bxa3 28. Nxd5 Qxd5 29. Rf4 Nc3 30. Bxd5 Nxd1 31. Rxd1 Rxc2 32. Rb1 Rb2 33. Rd1 Bd8 34. Bc1 Rb1 35. Ba2 Ra1 36. Rf2 Bg5 37. Bxg5 Rxd1+ 38. Kh2 Rxd4 39. Be7 Rdd8 40. Bxd8 Rxd8 41. Rxf7 Rd2+ 42. Rf2+ Rxa2 43. Rxa2 Kf7 44. Rxa3 Ke6 45. Ra7 1-0


[Site "https://www.chess.com"]

[Event "Titled Tuesday Blitz January 18 2022"]
[White "Concio, Michael Jr."]
[Black "Zhigalko, Sergei"]
[WhiteFideId "5217873"]
[BlackFideId "13502956"]
[WhiteElo "1896"]
[BlackElo "2662"]
[Result "0-1"]
[Round "10"]
[TimeControl "180+1"]
[Date "2022.01.18"]
[WhiteClock "0:00:03"]
[BlackClock "0:00:02"]

1. e4 c5 2. Ne2 Nc6 3. Nbc3 Nf6 4. g3 g6 5. Bg2 Bg7 6. d3 d6 7. h3 Rb8 8. Be3 b5 9. a3 a5 10. Qd2 b4 11. axb4 axb4 12. Nd5 Nxd5 13. exd5 Ne5 14. f4 Nd7 15. c3 bxc3 16. bxc3 Nf6 17. O-O Qb6 18. g4 Qb2 19. Ng3 h5 20. g5 Nd7 21. Ne4 Qxd2 22. Bxd2 Nb6 23. Rfb1 O-O 24. Ra7 Re8 25. c4 Bd4+ 26. Kf1 Bf5 27. Ke2 Kf8 28. h4 Nd7 29. Rxb8 Rxb8 30. Ra2 Rb3 31. Be3 Bxe3 32. Kxe3 Nb6 33. Kd2 Kg7 34. Kc2 Rb4 35. Ra7 Kf8 36. Ra6 Na4 37. Ra8+ Kg7 38. Bf1 Rb2+ 39. Kc1 Ra2 40. Kb1 Nc3+ 41. Nxc3 Rxa8 42. Kb2 Rb8+ 43. Kc2 Kf8 44. Bg2 Ra8 45. Kb2 Ke8 46. Be4 Bxe4 47. dxe4 Kd7 48. f5 Kc7 49. Ne2 Ra4 50. Kb3 Ra1 51. fxg6 fxg6 52. Nf4 Re1 53. Nxg6 Re3+ 54. Kc2 Rxe4 55. Kd3 Rd4+ 56. Kc3 Kd8 57. Nf8 Rxh4 58. g6 Rg4 59. Ne6+ Kc8 60. g7 h4 61. Kd3 h3 62. Ke3 h2 63. Kf3 Rg6 0-1


[Site "https://www.chess.com"]